Nashville Predators vs St.Louis Blues
(R1)
Created - Sunday, September 7, 2025 at 07:29
Goals
|
| Nashville Predators |
0 |
0 |
2 |
2 |
| St.Louis Blues |
1 |
2 |
2 |
5 |
|
Shots
|
| Nashville Predators |
7 |
7 |
19 |
33 |
| St.Louis Blues |
22 |
12 |
9 |
43 |
|
1st period
1. St.Louis Blues , Jake Sanderson 5 (Logan O'Connor 5) at 16:41
Penalties :
No Penalty
2nd period
2. St.Louis Blues , Brandon Hagel 10 (Alex Tuch 9, Brayden Point 14) at 2:20 (PP)
3. St.Louis Blues , Brandon Hagel 11 (Jaccob Slavin 8, Mark Stone 6) at 14:43
Penalties :
Rasmus Andersson (NSH) for Elbowing (Minor) at 1:04, Simon Benoit (NSH) for Tripping (Minor) at 7:09, Brandon Montour (NSH) for Hooking (Minor) at 14:56
3rd period
4. Nashville Predators , Jean-Gabriel Pageau 10 (John-Jason Peterka 17, Pius Suter 10) at 8:56 (PP)
5. Nashville Predators , Jake Neighbours 11 (Dmitri Voronkov 15, Marco Kasper 16) at 12:29 (PP)
6. St.Louis Blues , Brayden Point 13 (Brandon Hagel 13, Mikhail Sergachev 9) at 12:43
7. St.Louis Blues , Alex Tuch 3 (Brayden Point 15, Jake Guentzel 11) at 14:48 (PP)
Penalties :
Brandon Hagel (STL) for Roughing (Minor) at 1:37, Alex Tuch (STL) for Boarding (Minor) at 8:05, Mikhail Sergachev (STL) for Interference (Minor) at 11:11, Brandon Montour (NSH) for Cross-checking (Minor) at 14:20
Goalie Stats
Anthony Stolarz (NSH), 38 saves from 43 shots - (0.884), L, 14-2-1, 60:00 minutes
Connor Hellebuyck (STL), 31 saves from 33 shots - (0.939), W, 14-7-2, 60:00 minutes
Players Stats for Nashville Predators
Player Name G A P +/- PIM S H SB GA TA FO MP PP MP PK MP
------------------------------------------------------------------------------------
Alex Pietrangelo 0 0 0 -2 0 1 1 3 0 2 0/0 26:51 2:07 3:50
Brandon Montour 0 0 0 -2 4 1 1 1 0 1 0/0 21:50 0:00 0:58
Brandon Tanev 0 0 0 -2 0 1 0 0 0 0 0/0 9:18 0:00 0:35
Dante Fabbro 0 0 0 0 0 0 1 2 0 1 0/0 14:55 0:00 2:52
Dmitri Voronkov 0 1 1 0 0 2 1 0 2 0 0/1 17:15 1:39 0:10
Eetu Luostarinen 0 0 0 -2 0 1 1 0 0 0 0/0 10:32 0:00 1:49
Jack Roslovic 0 0 0 0 0 1 0 0 0 0 5/7 10:39 2:07 0:00
Jake Neighbours 1 0 1 0 0 5 4 1 1 0 0/1 17:05 1:39 0:00
James van Riemsdyk 0 0 0 0 0 3 0 0 0 0 0/1 8:32 0:00 0:00
Jean-Gabriel Pageau 1 0 1 -1 0 5 2 1 1 0 20/37 23:09 2:29 3:11
John-Jason Peterka 0 1 1 -1 0 6 3 0 5 0 1/1 19:39 2:29 0:00
Lars Eller 0 0 0 -2 0 0 0 0 0 0 1/3 9:18 0:00 0:35
Marco Kasper 0 1 1 0 0 0 0 0 0 1 6/17 17:05 1:39 0:00
Nick Perbix 0 0 0 0 0 0 1 1 1 0 0/0 15:01 2:01 0:00
Pius Suter 0 1 1 -1 0 2 1 0 1 0 4/6 23:12 2:29 3:14
Rasmus Andersson 0 0 0 -1 2 0 4 0 0 0 0/0 22:17 2:01 2:45
Simon Benoit 0 0 0 -1 2 1 2 1 0 0 0/0 17:14 0:00 0:59
Yegor Sharangovich 0 0 0 0 0 4 0 1 2 0 0/0 10:22 0:00 1:50
Players Stats for St.Louis Blues
Player Name G A P +/- PIM S H SB GA TA FO MP PP MP PK MP
------------------------------------------------------------------------------------
Adam Pelech 0 0 0 0 0 1 0 2 0 1 0/0 10:33 0:00 0:00
Alex Tuch 1 1 2 0 2 5 4 0 0 1 0/0 14:20 2:39 0:00
Artem Zub 0 0 0 1 0 0 0 1 0 1 0/0 19:04 0:00 2:07
Brandon Hagel 2 1 3 2 2 8 1 0 0 0 0/1 18:33 2:39 0:00
Brayden Point 1 2 3 2 0 5 1 0 1 0 13/21 19:13 3:23 0:00
Connor Clifton 0 0 0 0 0 1 2 0 0 0 0/0 12:36 0:00 2:01
Elias Pettersson 0 0 0 0 0 0 0 0 0 1 1/2 11:51 0:03 0:00
Isac Lundestrom 0 0 0 1 0 1 0 0 0 0 5/9 9:00 0:00 1:58
Jaccob Slavin 0 1 1 2 0 1 1 2 1 2 0/0 24:08 0:00 2:01
Jack Eichel 0 0 0 0 0 2 1 0 0 0 1/2 18:37 3:03 0:00
Jake Guentzel 0 1 1 0 0 2 2 0 1 1 0/2 18:25 3:00 0:00
Jake Sanderson 1 0 1 1 0 5 0 2 0 1 0/0 22:27 3:23 2:07
Joona Koppanen 0 0 0 1 0 0 0 1 1 0 0/0 9:14 0:00 2:10
Logan O'Connor 0 1 1 1 0 4 1 0 0 0 0/1 9:12 0:03 1:58
Mark Stone 0 1 1 2 0 0 1 0 0 1 1/2 18:42 2:19 0:00
Mikhail Sergachev 0 1 1 2 2 2 2 0 0 2 0/0 24:56 2:19 0:00
Robert Thomas 0 0 0 0 0 3 1 0 1 1 11/23 18:25 3:00 0:00
Vincent Trocheck 0 0 0 0 0 3 3 1 0 1 5/11 16:33 2:39 2:10
3 Stars
1 - Brandon Hagel (STL)
2 - Brayden Point (STL)
3 - Alex Tuch (STL)
Power Play
Nashville Predators - 2 on 3 Attempt(s) - 66.67%
St.Louis Blues - 2 on 4 Attempt(s) - 50.00%
Penalty Kill
Nashville Predators - 2 on 4 Attempt(s) - 50.00%
- Score 0 goal in Penalty Kill
St.Louis Blues - 1 on 3 Attempt(s) - 33.33%
- Score 0 goal in Penalty Kill
Team Stat
Nashville Predators - Hits : 22 - Faceoff Wins : 37 - Blocked Shots : 11 - Penalty Minutes : 8
St.Louis Blues - Hits : 20 - Faceoff Wins : 37 - Blocked Shots : 9 - Penalty Minutes : 6
Official
Referees : Brandon Schrader and Carter Sandlak
Linesman : Kiel Murchison and Ryan Jackson
Game Notes
5:23 of 1st period - St.Louis Blues goal is going for a video replay. After video review, No Goal. The referee deems the play has been stopped, even if he had not physically had the opportunity to stop play by blowing his whistle.
Finance
Level 1 -- Attendance: 5839 (97.32%) -- Ticket Income $554,705
Level 2 -- Attendance: 3876 (77.52%) -- Ticket Income $220,932
Level 3 -- Attendance: 2885 (96.17%) -- Ticket Income $95,205
Level 4 -- Attendance: 4035 (80.70%) -- Ticket Income $92,805
Luxury Box -- Attendance: 1000 (100.00%) -- Ticket Income $194,000
Game was played at the Scottrade Center.
Total Attendance: 17635 (88.18%)
Total Ticket Income: $1,157,647
Other Income: $405,176
Total Income: $1,562,823
Nashville Predators
5 vs 5 Forward
Center Left Wing Right Wing Time % Phy DF OF
1 Jean-Gabriel Pageau John-Jason Peterka Pius Suter 37 0 2 3
2 Marco Kasper Dmitri Voronkov Jake Neighbours 33 0 2 3
3 Jack Roslovic Yegor Sharangovich James van Riemsdyk 15 0 2 3
4 Lars Eller Eetu Luostarinen Brandon Tanev 15 0 3 2
5 vs 5 Defense
Defense Defense Time % Phy DF OF
1 Alex Pietrangelo Brandon Montour 40 1 2 2
2 Simon Benoit Rasmus Andersson 36 1 4 0
3 Nick Perbix Dante Fabbro 24 0 5 0
4 Dante Fabbro Nick Perbix 0 1 3 1
PowerPlay Forward
Center Left Wing Right Wing Time % Phy DF OF
1 Jean-Gabriel Pageau John-Jason Peterka Pius Suter 65 1 1 3
2 Marco Kasper Dmitri Voronkov Jake Neighbours 35 1 1 3
PowerPlay Defense
Defense Defense Time % Phy DF OF
1 Jack Roslovic Alex Pietrangelo 50 1 1 3
2 Nick Perbix Rasmus Andersson 50 2 2 1
Penalty Kill 4 Players Forward
Center Wing Time % Phy DF OF
1 Jean-Gabriel Pageau Pius Suter 65 1 2 2
2 Lars Eller Brandon Tanev 35 1 2 2
Penalty Kill 4 Players Defense
Defense Defense Time % Phy DF OF
1 Alex Pietrangelo Rasmus Andersson 60 2 3 0
2 Simon Benoit Dante Fabbro 40 1 3 1
Penalty Kill - 3 Players Forward
Forward Time % Phy DF OF
1 Jean-Gabriel Pageau 50 1 2 2
2 Lars Eller 50 1 2 2
Penalty Kill - 3 Players Defense
Defense Defense Time % Phy DF OF
1 Alex Pietrangelo Rasmus Andersson 50 1 2 2
2 Simon Benoit Dante Fabbro 50 1 2 2
4 vs 4 Forward
Center Wing Time % Phy DF OF
1 Jean-Gabriel Pageau Pius Suter 50 1 2 2
2 Lars Eller Eetu Luostarinen 50 1 2 2
4 vs 4 Defense
Defense Defense Time % Phy DF OF
1 Rasmus Andersson Alex Pietrangelo 60 2 2 1
2 Dante Fabbro Simon Benoit 40 2 2 1
Last Minutes Offensive
Center Left Wing Right Wing Defense Defense
Jean-Gabriel Pageau Pius Suter John-Jason Peterka Dmitri Voronkov Brandon Montour
Last Minutes Defensive
Center Left Wing Right Wing Defense Defense
Jean-Gabriel Pageau Pius Suter Brandon Tanev Alex Pietrangelo Rasmus Andersson
Goaltenders
Starting : Anthony Stolarz
Backup : Thatcher Demko
Extra Forwards
Normal : Dmitri Voronkov, James van Riemsdyk, Eetu Luostarinen - PP : Eetu Luostarinen, James van Riemsdyk - PK : Eetu Luostarinen
Extra Defensemen
Normal : Rasmus Andersson, Dante Fabbro, Simon Benoit - PP : Nick Perbix - PK : Dante Fabbro, Brandon Montour
Penalty Shots
Dmitri Voronkov, Jake Neighbours, John-Jason Peterka, Pius Suter, Yegor Sharangovich
Scratches
Nikita Alexandrov (Healthy), Ryan Hartman (Healthy), Parker Wotherspoon (Healthy), Mads Sogaard (Healthy)
St.Louis Blues
5 vs 5 Forward
Center Left Wing Right Wing Time % Phy DF OF
1 Robert Thomas Jack Eichel Jake Guentzel 35 0 2 3
2 Brayden Point Brandon Hagel Mark Stone 35 0 2 3
3 Vincent Trocheck Elias Pettersson Alex Tuch 25 1 2 2
4 Isac Lundestrom Joona Koppanen Logan O'Connor 5 1 3 1
5 vs 5 Defense
Defense Defense Time % Phy DF OF
1 Mikhail Sergachev Jaccob Slavin 45 1 2 2
2 Jake Sanderson Artem Zub 35 1 2 2
3 Adam Pelech Connor Clifton 20 1 3 1
4 Mikhail Sergachev Jaccob Slavin 0 1 2 2
PowerPlay Forward
Center Left Wing Right Wing Time % Phy DF OF
1 Robert Thomas Jack Eichel Jake Guentzel 60 1 0 4
2 Vincent Trocheck Brandon Hagel Alex Tuch 40 1 0 4
PowerPlay Defense
Defense Defense Time % Phy DF OF
1 Brayden Point Jake Sanderson 60 0 1 4
2 Mark Stone Mikhail Sergachev 40 0 1 4
Penalty Kill 4 Players Forward
Center Wing Time % Phy DF OF
1 Vincent Trocheck Joona Koppanen 50 2 3 0
2 Isac Lundestrom Logan O'Connor 50 1 4 0
Penalty Kill 4 Players Defense
Defense Defense Time % Phy DF OF
1 Jaccob Slavin Connor Clifton 50 1 4 0
2 Jake Sanderson Artem Zub 50 1 4 0
Penalty Kill - 3 Players Forward
Forward Time % Phy DF OF
1 Vincent Trocheck 50 0 5 0
2 Isac Lundestrom 50 0 5 0
Penalty Kill - 3 Players Defense
Defense Defense Time % Phy DF OF
1 Jaccob Slavin Connor Clifton 50 0 5 0
2 Jake Sanderson Artem Zub 50 0 5 0
4 vs 4 Forward
Center Wing Time % Phy DF OF
1 Jack Eichel Brayden Point 50 0 2 3
2 Robert Thomas Jake Guentzel 50 0 2 3
4 vs 4 Defense
Defense Defense Time % Phy DF OF
1 Jake Sanderson Mikhail Sergachev 50 0 3 2
2 Artem Zub Jaccob Slavin 50 0 3 2
Last Minutes Offensive
Center Left Wing Right Wing Defense Defense
Robert Thomas Jack Eichel Jake Guentzel Brayden Point Mikhail Sergachev
Last Minutes Defensive
Center Left Wing Right Wing Defense Defense
Vincent Trocheck Isac Lundestrom Logan O'Connor Jake Sanderson Jaccob Slavin
Goaltenders
Starting : Connor Hellebuyck
Backup : Scott Wedgewood
Extra Forwards
Normal : Brandon Hagel, Jake Guentzel, Alex Tuch - PP : Vincent Trocheck, Brayden Point - PK : Jack Eichel
Extra Defensemen
Normal : Jake Sanderson, Mikhail Sergachev, Jaccob Slavin - PP : Jake Sanderson - PK : Jaccob Slavin, Jake Sanderson
Penalty Shots
Vincent Trocheck, Jack Eichel, Brayden Point, Jake Guentzel, Brandon Hagel
Scratches
Luke Glendening (Healthy), Yanni Gourde (Healthy), Colton Parayko (Healthy)
% Time on Ice - Nashville Predators
Lines # - Real PCT - Wanted PCT - Time Play
Normal Forward
1 - 35% - 37% - 17:29
2 - 31% - 33% - 15:26
3 - 17% - 15% - 8:32
4 - 17% - 15% - 8:43
Normal Defense
1 - 42% - 40% - 20:54
2 - 35% - 36% - 17:31
3 - 22% - 24% - 11:16
4 - 1% - 0% - 0:29
PP Forward
1 - 60% - 65% - 2:29
2 - 40% - 35% - 1:39
PP Defense
1 - 51% - 50% - 2:07
2 - 49% - 50% - 2:01
PK Forward
1 - 90% - 65% - 5:07
2 - 10% - 35% - 0:35
PK Defense
1 - 67% - 60% - 3:50
2 - 33% - 40% - 1:52
PK3 Forward
1 - 0% - 50%
2 - 0% - 50%
PK3 Defense
1 - 0% - 50%
2 - 0% - 50%
44 Forward
1 - 0% - 50%
2 - 0% - 50%
44 Defense
1 - 0% - 60%
2 - 0% - 40%
Last Minute Offensive - 0:00
Last Minute Defensive - 0:00
Total
Forward - 60:00
Defense - 60:00
|
% Time on Ice - St.Louis Blues
Lines # - Real PCT - Wanted PCT - Time Play
Normal Forward
1 - 31% - 35% - 15:36
2 - 32% - 35% - 15:53
3 - 23% - 25% - 11:39
4 - 14% - 5% - 7:02
Normal Defense
1 - 43% - 45% - 21:38
2 - 35% - 35% - 17:30
3 - 21% - 20% - 10:33
4 - 1% - 0% - 0:29
PP Forward
1 - 54% - 60% - 3:03
2 - 46% - 40% - 2:39
PP Defense
1 - 59% - 60% - 3:23
2 - 41% - 40% - 2:19
PK Forward
1 - 52% - 50% - 2:10
2 - 48% - 50% - 1:58
PK Defense
1 - 49% - 50% - 2:01
2 - 51% - 50% - 2:07
PK3 Forward
1 - 0% - 50%
2 - 0% - 50%
PK3 Defense
1 - 0% - 50%
2 - 0% - 50%
44 Forward
1 - 0% - 50%
2 - 0% - 50%
44 Defense
1 - 0% - 50%
2 - 0% - 50%
Last Minute Offensive - 0:00
Last Minute Defensive - 0:00
Total
Forward - 60:00
Defense - 60:00
|
Play-by-Play
1st period
0:01 of 1st period - Robert Thomas wins face-off versus Jean-Gabriel Pageau in neutral zone.
0:06 of 1st period - Jean-Gabriel Pageau is hit by Jake Guentzel and loses puck.
0:27 of 1st period - Alex Pietrangelo is hit by Vincent Trocheck and loses puck.
0:50 of 1st period - Wrist shot by Jean-Gabriel Pageau.
0:50 of 1st period - Stopped by Connor Hellebuyck without a rebound.
0:51 of 1st period - Brayden Point wins face-off versus Marco Kasper in St.Louis Blues zone.
1:04 of 1st period - Slapshot by Brayden Point.
1:04 of 1st period - Shot Blocked by Nick Perbix.
1:06 of 1st period - Snap shot by Brandon Hagel.
1:06 of 1st period - Stopped by Anthony Stolarz without a rebound.
1:07 of 1st period - Jack Roslovic wins face-off versus Isac Lundestrom in Nashville Predators zone.
1:16 of 1st period - Connor Clifton is hit by Simon Benoit and loses puck.
1:23 of 1st period - Backhand shot by Yegor Sharangovich.
1:23 of 1st period - Shot Misses the Net.
1:52 of 1st period - Snap shot by Brandon Hagel.
1:52 of 1st period - Stopped by Anthony Stolarz with a rebound.
2:38 of 1st period - Slapshot by Jake Sanderson.
2:38 of 1st period - Stopped by Anthony Stolarz without a rebound.
2:39 of 1st period - Robert Thomas wins face-off versus Lars Eller in Nashville Predators zone.
2:50 of 1st period - Snap shot by Robert Thomas.
2:50 of 1st period - Stopped by Anthony Stolarz with a rebound.
2:52 of 1st period - Slapshot by Jake Sanderson.
2:52 of 1st period - Stopped by Anthony Stolarz without a rebound.
2:53 of 1st period - Marco Kasper wins face-off versus Brayden Point in Nashville Predators zone.
3:00 of 1st period - Icing by Jaccob Slavin.
3:01 of 1st period - Brayden Point wins face-off versus Marco Kasper in St.Louis Blues zone.
3:10 of 1st period - Snap shot by Brayden Point.
3:10 of 1st period - Shot Misses the Net.
3:12 of 1st period - Snap shot by Brandon Hagel.
3:12 of 1st period - Shot Misses the Net.
3:14 of 1st period - Snap shot by Brandon Hagel.
3:14 of 1st period - Stopped by Anthony Stolarz with a rebound.
3:36 of 1st period - Snap shot by Brayden Point.
3:36 of 1st period - Shot Blocked by Brandon Montour.
3:38 of 1st period - Snap shot by Brandon Hagel.
3:38 of 1st period - Shot Misses the Net.
4:06 of 1st period - Jake Neighbours is hit by Mikhail Sergachev and loses puck.
4:15 of 1st period - Wrist shot by Brandon Hagel.
4:15 of 1st period - Stopped by Anthony Stolarz with a rebound.
4:17 of 1st period - Slapshot by Brandon Hagel.
4:17 of 1st period - Shot Misses the Net.
4:29 of 1st period - Wrist shot by Brayden Point.
4:29 of 1st period - Shot Blocked by Alex Pietrangelo.
4:31 of 1st period - Slapshot by Brandon Hagel.
4:31 of 1st period - Shot Misses the Net.
4:33 of 1st period - Slapshot by Brandon Hagel.
4:33 of 1st period - Deflect By Brayden Point.
4:33 of 1st period - Shot Misses the Net.
4:33 of 1st period - Puck is out of play.
4:34 of 1st period - Jean-Gabriel Pageau wins face-off versus Robert Thomas in Nashville Predators zone.
4:38 of 1st period - Off-side.
4:39 of 1st period - Jean-Gabriel Pageau wins face-off versus Robert Thomas in neutral zone.
4:43 of 1st period - Off-side.
4:44 of 1st period - Pius Suter wins face-off versus Jack Eichel in neutral zone.
5:19 of 1st period - Snap shot by Jack Eichel.
5:19 of 1st period - Shot Misses the Net.
5:21 of 1st period - Backhand shot by Robert Thomas.
5:21 of 1st period - Shot Misses the Net.
5:23 of 1st period - Wrist shot by Jack Eichel.
5:23 of 1st period - St.Louis Blues goal is going for a video replay.
5:23 of 1st period - The goal is refused. The referee deems the play has been stopped, even if he had not physically had the opportunity to stop play by blowing his whistle..
5:24 of 1st period - Jack Roslovic wins face-off versus Vincent Trocheck in Nashville Predators zone.
5:51 of 1st period - Dante Fabbro is hit by Logan O'Connor and loses puck.
6:14 of 1st period - Snap shot by Brayden Point.
6:14 of 1st period - Stopped by Anthony Stolarz with a rebound.
6:16 of 1st period - Snap shot by Brayden Point.
6:16 of 1st period - Stopped by Anthony Stolarz with a rebound.
6:47 of 1st period - Icing by Simon Benoit.
6:48 of 1st period - Vincent Trocheck wins face-off versus Jean-Gabriel Pageau in Nashville Predators zone.
6:55 of 1st period - Wrist shot by Alex Tuch.
6:55 of 1st period - Stopped by Anthony Stolarz without a rebound.
6:56 of 1st period - Jack Roslovic wins face-off versus Elias Pettersson in Nashville Predators zone.
6:56 of 1st period - Jack Roslovic is hit by Alex Tuch.
7:30 of 1st period - Snap shot by Elias Pettersson.
7:30 of 1st period - Shot Misses the Net.
7:34 of 1st period - Snap shot by Alex Tuch.
7:34 of 1st period - Shot Misses the Net.
7:46 of 1st period - Snap shot by Vincent Trocheck.
7:46 of 1st period - Stopped by Anthony Stolarz without a rebound.
7:47 of 1st period - Jean-Gabriel Pageau wins face-off versus Robert Thomas in Nashville Predators zone.
8:15 of 1st period - Brandon Tanev is hit by Connor Clifton and loses puck.
8:58 of 1st period - Snap shot by John-Jason Peterka.
8:58 of 1st period - Stopped by Connor Hellebuyck without a rebound.
8:59 of 1st period - Jean-Gabriel Pageau wins face-off versus Brayden Point in St.Louis Blues zone.
9:30 of 1st period - Robert Thomas is hit by Dmitri Voronkov and loses puck.
10:57 of 1st period - Wrist shot by Jean-Gabriel Pageau.
10:57 of 1st period - Shot Blocked by Vincent Trocheck.
11:01 of 1st period - Snap shot by Jean-Gabriel Pageau.
11:01 of 1st period - Shot Blocked by Adam Pelech.
11:03 of 1st period - Snap shot by Simon Benoit.
11:03 of 1st period - Stopped by Connor Hellebuyck without a rebound.
11:04 of 1st period - Robert Thomas wins face-off versus Marco Kasper in St.Louis Blues zone.
11:13 of 1st period - Wrist shot by Jack Eichel.
11:13 of 1st period - Deflect By Robert Thomas.
11:13 of 1st period - Stopped by Anthony Stolarz with a rebound.
11:15 of 1st period - Slapshot by Jaccob Slavin.
11:15 of 1st period - Stopped by Anthony Stolarz with a rebound.
11:17 of 1st period - Slapshot by Mikhail Sergachev.
11:17 of 1st period - Stopped by Anthony Stolarz with a rebound.
11:19 of 1st period - Slapshot by Jaccob Slavin.
11:19 of 1st period - Shot Misses the Net.
11:21 of 1st period - Wrist shot by Jake Guentzel.
11:21 of 1st period - Stopped by Anthony Stolarz with a rebound.
11:38 of 1st period - Wrist shot by Eetu Luostarinen.
11:38 of 1st period - Shot Misses the Net.
11:57 of 1st period - Off-side.
11:58 of 1st period - Jean-Gabriel Pageau wins face-off versus Robert Thomas in neutral zone.
12:13 of 1st period - Snap shot by John-Jason Peterka.
12:13 of 1st period - Stopped by Connor Hellebuyck without a rebound.
12:14 of 1st period - Brayden Point wins face-off versus Marco Kasper in St.Louis Blues zone.
12:14 of 1st period - Brayden Point is hit by Jake Neighbours.
12:20 of 1st period - Wrist shot by Dmitri Voronkov.
12:20 of 1st period - Deflect By Brandon Hagel.
12:20 of 1st period - Stopped by Connor Hellebuyck without a rebound.
12:21 of 1st period - Marco Kasper wins face-off versus Brayden Point in St.Louis Blues zone.
12:24 of 1st period - Snap shot by Jake Neighbours.
12:24 of 1st period - Stopped by Connor Hellebuyck without a rebound.
12:25 of 1st period - Robert Thomas wins face-off versus Dmitri Voronkov in St.Louis Blues zone.
12:36 of 1st period - Slapshot by Dmitri Voronkov.
12:36 of 1st period - Shot Blocked by Jaccob Slavin.
12:40 of 1st period - Snap shot by Dmitri Voronkov.
12:40 of 1st period - Shot Misses the Net.
12:50 of 1st period - Mikhail Sergachev is hit by Alex Pietrangelo and loses puck.
13:19 of 1st period - Snap shot by Alex Tuch.
13:19 of 1st period - Deflect By Vincent Trocheck.
13:19 of 1st period - Stopped by Anthony Stolarz without a rebound.
13:20 of 1st period - Vincent Trocheck wins face-off versus Pius Suter in Nashville Predators zone.
14:06 of 1st period - Snap shot by Logan O'Connor.
14:06 of 1st period - Stopped by Anthony Stolarz without a rebound.
14:07 of 1st period - Jack Roslovic wins face-off versus Isac Lundestrom in Nashville Predators zone.
14:16 of 1st period - Slapshot by Jack Roslovic.
14:16 of 1st period - Shot Hit the Post.
14:18 of 1st period - Snap shot by Nick Perbix.
14:18 of 1st period - Shot Misses the Net.
14:45 of 1st period - Slapshot by Brandon Hagel.
14:45 of 1st period - Shot Misses the Net.
14:57 of 1st period - Robert Thomas is hit by Jean-Gabriel Pageau and loses puck.
15:38 of 1st period - Backhand shot by Isac Lundestrom.
15:38 of 1st period - Shot Misses the Net.
15:40 of 1st period - Slapshot by Adam Pelech.
15:40 of 1st period - Shot Misses the Net.
15:42 of 1st period - Snap shot by Isac Lundestrom.
15:42 of 1st period - Shot Misses the Net.
15:44 of 1st period - Slapshot by Connor Clifton.
15:44 of 1st period - Stopped by Anthony Stolarz without a rebound.
15:45 of 1st period - Robert Thomas wins face-off versus Jean-Gabriel Pageau in Nashville Predators zone.
15:50 of 1st period - Jaccob Slavin is hit by Jean-Gabriel Pageau and loses puck.
16:36 of 1st period - Rasmus Andersson is hit by Connor Clifton and loses puck.
16:41 of 1st period - Snap shot by Jake Sanderson.
16:41 of 1st period - Goal by Jake Sanderson - Nashville Predators : 0 - St.Louis Blues : 1.
16:42 of 1st period - Robert Thomas wins face-off versus Jean-Gabriel Pageau in neutral zone.
16:55 of 1st period - Slapshot by Jack Eichel.
16:55 of 1st period - Shot Misses the Net.
17:19 of 1st period - Snap shot by Brandon Hagel.
17:19 of 1st period - Stopped by Anthony Stolarz with a rebound.
17:44 of 1st period - Wrist shot by Eetu Luostarinen.
17:44 of 1st period - Shot Misses the Net.
17:55 of 1st period - Off-side.
17:56 of 1st period - Vincent Trocheck wins face-off versus James van Riemsdyk in neutral zone.
18:09 of 1st period - Wrist shot by Yegor Sharangovich.
18:09 of 1st period - Stopped by Connor Hellebuyck without a rebound.
18:10 of 1st period - Robert Thomas wins face-off versus Pius Suter in St.Louis Blues zone.
19:05 of 1st period - Eetu Luostarinen is hit by Mikhail Sergachev and loses puck.
19:12 of 1st period - Snap shot by Robert Thomas.
19:12 of 1st period - Stopped by Anthony Stolarz with a rebound.
19:14 of 1st period - Snap shot by Jack Eichel.
19:14 of 1st period - Deflect By Lars Eller.
19:14 of 1st period - Shot Misses the Net.
19:14 of 1st period - Puck is out of play.
19:15 of 1st period - Brayden Point wins face-off versus Marco Kasper in Nashville Predators zone.
Goals for this period are 0 for Nashville Predators vs 1 for St.Louis Blues.
Shots for this period are 7 for Nashville Predators vs 22 for St.Louis Blues.
2nd period
0:01 of 2nd period - Brayden Point wins face-off versus Jean-Gabriel Pageau in neutral zone.
0:01 of 2nd period - Brandon Hagel is hit by John-Jason Peterka.
1:04 of 2nd period - Minor Penalty to Rasmus Andersson for Elbowing.
1:05 of 2nd period - Jean-Gabriel Pageau wins face-off versus Robert Thomas in Nashville Predators zone.
1:11 of 2nd period - Icing by Jake Guentzel.
1:12 of 2nd period - Jean-Gabriel Pageau wins face-off versus Robert Thomas in St.Louis Blues zone.
1:24 of 2nd period - Off-side.
1:25 of 2nd period - Pius Suter wins face-off versus Robert Thomas in neutral zone.
1:36 of 2nd period - Alex Pietrangelo is hit by Brayden Point and loses puck.
2:18 of 2nd period - Wrist shot by Alex Tuch.
2:18 of 2nd period - Stopped by Anthony Stolarz with a rebound.
2:20 of 2nd period - Snap shot by Brandon Hagel.
2:20 of 2nd period - Goal by Brandon Hagel - Nashville Predators : 0 - St.Louis Blues : 2.
2:21 of 2nd period - Marco Kasper wins face-off versus Robert Thomas in neutral zone.
2:30 of 2nd period - Robert Thomas is hit by Jake Neighbours and loses puck.
2:37 of 2nd period - Snap shot by Dmitri Voronkov.
2:37 of 2nd period - Stopped by Connor Hellebuyck with a rebound.
3:26 of 2nd period - Icing by Dante Fabbro.
3:27 of 2nd period - Lars Eller wins face-off versus Isac Lundestrom in Nashville Predators zone.
3:38 of 2nd period - Slapshot by Logan O'Connor.
3:38 of 2nd period - Shot Blocked by Dante Fabbro.
4:25 of 2nd period - Wrist shot by Brandon Tanev.
4:25 of 2nd period - Shot Misses the Net.
4:37 of 2nd period - Snap shot by Jake Guentzel.
4:37 of 2nd period - Shot Blocked by Yegor Sharangovich.
4:39 of 2nd period - Slapshot by Adam Pelech.
4:39 of 2nd period - Stopped by Anthony Stolarz without a rebound.
4:40 of 2nd period - Jean-Gabriel Pageau wins face-off versus Vincent Trocheck in Nashville Predators zone.
4:56 of 2nd period - Wrist shot by Alex Tuch.
4:56 of 2nd period - Stopped by Anthony Stolarz with a rebound.
5:12 of 2nd period - Wrist shot by Jack Roslovic.
5:12 of 2nd period - Deflect By Elias Pettersson.
5:12 of 2nd period - Shot Misses the Net.
5:12 of 2nd period - Puck is out of play.
5:13 of 2nd period - Brayden Point wins face-off versus Jack Roslovic in St.Louis Blues zone.
5:13 of 2nd period - Brayden Point is hit by Rasmus Andersson.
6:12 of 2nd period - Slapshot by Brandon Tanev.
6:12 of 2nd period - Stopped by Connor Hellebuyck without a rebound.
6:13 of 2nd period - Jean-Gabriel Pageau wins face-off versus Brayden Point in St.Louis Blues zone.
6:44 of 2nd period - Wrist shot by Jaccob Slavin.
6:44 of 2nd period - Deflect By Jake Guentzel.
6:44 of 2nd period - Shot Misses the Net.
6:44 of 2nd period - Puck is out of play.
6:45 of 2nd period - Robert Thomas wins face-off versus Jean-Gabriel Pageau in Nashville Predators zone.
6:51 of 2nd period - Off-side.
6:52 of 2nd period - Jack Eichel wins face-off versus Jean-Gabriel Pageau in neutral zone.
6:59 of 2nd period - Pius Suter is hit by Jack Eichel and loses puck.
7:09 of 2nd period - Minor Penalty to Simon Benoit for Tripping.
7:10 of 2nd period - Jean-Gabriel Pageau wins face-off versus Robert Thomas in Nashville Predators zone.
7:52 of 2nd period - Dante Fabbro is hit by Vincent Trocheck and loses puck.
9:07 of 2nd period - Dante Fabbro is hit by Alex Tuch and loses puck.
9:09 of 2nd period - Penalty to Simon Benoit is over, Simon Benoit is back on ice.
9:20 of 2nd period - Snap shot by Logan O'Connor.
9:20 of 2nd period - Stopped by Anthony Stolarz with a rebound.
9:22 of 2nd period - Wrist shot by Logan O'Connor.
9:22 of 2nd period - Shot Blocked by Dante Fabbro.
9:24 of 2nd period - Wrist shot by Joona Koppanen.
9:24 of 2nd period - Shot Blocked by Jean-Gabriel Pageau.
9:26 of 2nd period - Backhand shot by Joona Koppanen.
9:26 of 2nd period - Deflect By Logan O'Connor.
9:26 of 2nd period - Stopped by Anthony Stolarz without a rebound.
9:27 of 2nd period - Isac Lundestrom wins face-off versus Marco Kasper in Nashville Predators zone.
9:27 of 2nd period - Jake Sanderson is hit by Jake Neighbours and loses puck.
9:52 of 2nd period - Jake Guentzel is hit by Eetu Luostarinen and loses puck.
10:01 of 2nd period - Snap shot by Eetu Luostarinen.
10:01 of 2nd period - Shot Blocked by Adam Pelech.
11:47 of 2nd period - Snap shot by Yegor Sharangovich.
11:47 of 2nd period - Stopped by Connor Hellebuyck with a rebound.
13:16 of 2nd period - Snap shot by Alex Pietrangelo.
13:16 of 2nd period - Deflect By Mark Stone.
13:16 of 2nd period - Stopped by Connor Hellebuyck without a rebound.
13:17 of 2nd period - Jean-Gabriel Pageau wins face-off versus Jake Guentzel in St.Louis Blues zone.
13:24 of 2nd period - Snap shot by Jean-Gabriel Pageau.
13:24 of 2nd period - Stopped by Connor Hellebuyck without a rebound.
13:25 of 2nd period - Pius Suter wins face-off versus Robert Thomas in St.Louis Blues zone.
13:28 of 2nd period - Wrist shot by Pius Suter.
13:28 of 2nd period - Shot Misses the Net.
13:42 of 2nd period - Slapshot by Jack Eichel.
13:42 of 2nd period - Deflect By Jake Guentzel.
13:42 of 2nd period - Stopped by Anthony Stolarz with a rebound.
13:44 of 2nd period - Slapshot by Jack Eichel.
13:44 of 2nd period - Shot Misses the Net.
13:58 of 2nd period - Snap shot by Jack Eichel.
13:58 of 2nd period - Shot Misses the Net.
14:00 of 2nd period - Snap shot by Jake Sanderson.
14:00 of 2nd period - Stopped by Anthony Stolarz without a rebound.
14:01 of 2nd period - Marco Kasper wins face-off versus Mark Stone in Nashville Predators zone.
14:10 of 2nd period - Snap shot by Dmitri Voronkov.
14:10 of 2nd period - Shot Misses the Net.
14:26 of 2nd period - Mikhail Sergachev is hit by Rasmus Andersson and loses puck.
14:31 of 2nd period - Snap shot by Yegor Sharangovich.
14:31 of 2nd period - Stopped by Connor Hellebuyck with a rebound.
14:41 of 2nd period - Wrist shot by Brandon Hagel.
14:41 of 2nd period - Stopped by Anthony Stolarz with a rebound.
14:43 of 2nd period - Snap shot by Brandon Hagel.
14:43 of 2nd period - Goal by Brandon Hagel - Nashville Predators : 0 - St.Louis Blues : 3.
14:44 of 2nd period - Vincent Trocheck wins face-off versus Jean-Gabriel Pageau in neutral zone.
14:49 of 2nd period - Snap shot by Vincent Trocheck.
14:49 of 2nd period - Shot Misses the Net.
14:56 of 2nd period - Minor Penalty to Brandon Montour for Hooking.
14:57 of 2nd period - Jean-Gabriel Pageau wins face-off versus Robert Thomas in Nashville Predators zone.
15:07 of 2nd period - Backhand shot by Jake Sanderson.
15:07 of 2nd period - Stopped by Anthony Stolarz with a rebound.
16:25 of 2nd period - Robert Thomas is hit by Rasmus Andersson and loses puck.
16:56 of 2nd period - Penalty to Brandon Montour is over, Brandon Montour is back on ice.
17:10 of 2nd period - Icing by James van Riemsdyk.
17:11 of 2nd period - Isac Lundestrom wins face-off versus Jack Roslovic in Nashville Predators zone.
17:22 of 2nd period - Connor Clifton is hit by Dante Fabbro and loses puck.
17:43 of 2nd period - Jack Eichel is hit by Brandon Montour and loses puck.
18:03 of 2nd period - Off-side.
18:04 of 2nd period - Brayden Point wins face-off versus Lars Eller in neutral zone.
18:38 of 2nd period - Snap shot by Eetu Luostarinen.
18:38 of 2nd period - Stopped by Connor Hellebuyck without a rebound.
18:39 of 2nd period - Robert Thomas wins face-off versus Jean-Gabriel Pageau in St.Louis Blues zone.
18:54 of 2nd period - Wrist shot by Jack Eichel.
18:54 of 2nd period - Stopped by Anthony Stolarz without a rebound.
18:55 of 2nd period - Marco Kasper wins face-off versus Brayden Point in Nashville Predators zone.
18:55 of 2nd period - Marco Kasper is hit by Mark Stone.
19:36 of 2nd period - Wrist shot by Dmitri Voronkov.
19:36 of 2nd period - Shot Misses the Net.
Goals for this period are 0 for Nashville Predators vs 2 for St.Louis Blues.
Shots for this period are 7 for Nashville Predators vs 12 for St.Louis Blues.
3rd period
0:01 of 3rd period - Brayden Point wins face-off versus Jean-Gabriel Pageau in neutral zone.
0:16 of 3rd period - Backhand shot by John-Jason Peterka.
0:16 of 3rd period - Stopped by Connor Hellebuyck without a rebound.
0:17 of 3rd period - Elias Pettersson wins face-off versus Jake Neighbours in St.Louis Blues zone.
1:11 of 3rd period - Snap shot by Jack Roslovic.
1:11 of 3rd period - Stopped by Connor Hellebuyck with a rebound.
1:13 of 3rd period - Wrist shot by Yegor Sharangovich.
1:13 of 3rd period - Shot Blocked by Jake Sanderson.
1:15 of 3rd period - Snap shot by James van Riemsdyk.
1:15 of 3rd period - Stopped by Connor Hellebuyck without a rebound.
1:16 of 3rd period - Brayden Point wins face-off versus Marco Kasper in St.Louis Blues zone.
1:37 of 3rd period - Minor Penalty to Brandon Hagel for Roughing.
1:38 of 3rd period - Vincent Trocheck wins face-off versus Jean-Gabriel Pageau in St.Louis Blues zone.
1:38 of 3rd period - Vincent Trocheck is hit by Pius Suter.
2:08 of 3rd period - Jaccob Slavin is hit by Rasmus Andersson and loses puck.
2:21 of 3rd period - Wrist shot by Isac Lundestrom.
2:21 of 3rd period - Stopped by Anthony Stolarz without a rebound.
2:22 of 3rd period - Isac Lundestrom wins face-off versus Jean-Gabriel Pageau in Nashville Predators zone.
2:37 of 3rd period - Off-side.
2:38 of 3rd period - Jean-Gabriel Pageau wins face-off versus Vincent Trocheck in neutral zone.
3:37 of 3rd period - Penalty to Brandon Hagel is over, Brandon Hagel is back on ice.
4:35 of 3rd period - Wrist shot by Jake Neighbours.
4:35 of 3rd period - Stopped by Connor Hellebuyck with a rebound.
4:51 of 3rd period - Wrist shot by Jake Neighbours.
4:51 of 3rd period - Stopped by Connor Hellebuyck without a rebound.
4:52 of 3rd period - John-Jason Peterka wins face-off versus Logan O'Connor in St.Louis Blues zone.
5:07 of 3rd period - Wrist shot by Mikhail Sergachev.
5:07 of 3rd period - Stopped by Anthony Stolarz without a rebound.
5:08 of 3rd period - Brayden Point wins face-off versus Marco Kasper in Nashville Predators zone.
7:08 of 3rd period - Snap shot by Robert Thomas.
7:08 of 3rd period - Shot Blocked by Simon Benoit.
7:30 of 3rd period - Slapshot by Lars Eller.
7:30 of 3rd period - Deflect By Eetu Luostarinen.
7:30 of 3rd period - Shot Misses the Net.
7:30 of 3rd period - Puck is out of play.
7:31 of 3rd period - Jean-Gabriel Pageau wins face-off versus Brayden Point in St.Louis Blues zone.
7:34 of 3rd period - Snap shot by Jean-Gabriel Pageau.
7:34 of 3rd period - Deflect By John-Jason Peterka.
7:34 of 3rd period - Shot Blocked by Artem Zub.
7:34 of 3rd period - Puck is out of play.
7:35 of 3rd period - Jean-Gabriel Pageau wins face-off versus Brayden Point in St.Louis Blues zone.
8:02 of 3rd period - Backhand shot by Jake Sanderson.
8:02 of 3rd period - Shot Blocked by Jake Neighbours.
8:04 of 3rd period - Wrist shot by Elias Pettersson.
8:04 of 3rd period - Shot Blocked by Alex Pietrangelo.
8:05 of 3rd period - Minor Penalty to Alex Tuch for Boarding.
8:06 of 3rd period - Jean-Gabriel Pageau wins face-off versus Vincent Trocheck in St.Louis Blues zone.
8:19 of 3rd period - Backhand shot by John-Jason Peterka.
8:19 of 3rd period - Stopped by Connor Hellebuyck with a rebound.
8:21 of 3rd period - Snap shot by Jack Roslovic.
8:21 of 3rd period - Shot Blocked by Joona Koppanen.
8:50 of 3rd period - Slapshot by Logan O'Connor.
8:50 of 3rd period - Stopped by Anthony Stolarz without a rebound.
8:51 of 3rd period - Jean-Gabriel Pageau wins face-off versus Isac Lundestrom in Nashville Predators zone.
8:56 of 3rd period - Snap shot by John-Jason Peterka.
8:56 of 3rd period - Deflect By Jean-Gabriel Pageau.
8:56 of 3rd period - Goal by Jean-Gabriel Pageau - Nashville Predators : 1 - St.Louis Blues : 3.
8:57 of 3rd period - Brayden Point wins face-off versus Jean-Gabriel Pageau in neutral zone.
9:00 of 3rd period - John-Jason Peterka is hit by Brandon Hagel and loses puck.
9:07 of 3rd period - Brandon Hagel is hit by Nick Perbix and loses puck.
9:22 of 3rd period - Nick Perbix is hit by Jaccob Slavin and loses puck.
9:43 of 3rd period - Slapshot by Jake Sanderson.
9:43 of 3rd period - Shot Misses the Net.
9:45 of 3rd period - Snap shot by Logan O'Connor.
9:45 of 3rd period - Shot Misses the Net.
10:11 of 3rd period - Yegor Sharangovich is hit by Alex Tuch and loses puck.
10:28 of 3rd period - Slapshot by Brandon Montour.
10:28 of 3rd period - Deflect By Mikhail Sergachev.
10:28 of 3rd period - Stopped by Connor Hellebuyck without a rebound.
10:29 of 3rd period - Brayden Point wins face-off versus Jean-Gabriel Pageau in St.Louis Blues zone.
10:36 of 3rd period - Snap shot by Brayden Point.
10:36 of 3rd period - Stopped by Anthony Stolarz without a rebound.
10:37 of 3rd period - Jean-Gabriel Pageau wins face-off versus Brayden Point in Nashville Predators zone.
11:11 of 3rd period - Minor Penalty to Mikhail Sergachev for Interference.
11:12 of 3rd period - Isac Lundestrom wins face-off versus Marco Kasper in St.Louis Blues zone.
11:27 of 3rd period - Slapshot by Vincent Trocheck.
11:27 of 3rd period - Stopped by Anthony Stolarz with a rebound.
11:49 of 3rd period - Slapshot by Rasmus Andersson.
11:49 of 3rd period - Deflect By Pius Suter.
11:49 of 3rd period - Stopped by Connor Hellebuyck without a rebound.
11:50 of 3rd period - Isac Lundestrom wins face-off versus Jean-Gabriel Pageau in St.Louis Blues zone.
11:50 of 3rd period - Isac Lundestrom is hit by John-Jason Peterka.
12:14 of 3rd period - Logan O'Connor is hit by John-Jason Peterka and loses puck.
12:21 of 3rd period - Snap shot by John-Jason Peterka.
12:21 of 3rd period - Stopped by Connor Hellebuyck without a rebound.
12:22 of 3rd period - Marco Kasper wins face-off versus Vincent Trocheck in St.Louis Blues zone.
12:25 of 3rd period - Wrist shot by Jake Neighbours.
12:25 of 3rd period - Stopped by Connor Hellebuyck with a rebound.
12:27 of 3rd period - Wrist shot by Dmitri Voronkov.
12:27 of 3rd period - Shot Blocked by Jake Sanderson.
12:29 of 3rd period - Snap shot by Jake Neighbours.
12:29 of 3rd period - Goal by Jake Neighbours - Nashville Predators : 2 - St.Louis Blues : 3.
12:30 of 3rd period - Brayden Point wins face-off versus Jean-Gabriel Pageau in neutral zone.
12:43 of 3rd period - Wrist shot by Brayden Point.
12:43 of 3rd period - Goal by Brayden Point - Nashville Predators : 2 - St.Louis Blues : 4.
12:44 of 3rd period - Pius Suter wins face-off versus Brandon Hagel in neutral zone.
12:57 of 3rd period - Wrist shot by Mark Stone.
12:57 of 3rd period - Shot Blocked by Alex Pietrangelo.
13:11 of 3rd period - Brandon Montour is hit by Vincent Trocheck and loses puck.
13:54 of 3rd period - Snap shot by Jean-Gabriel Pageau.
13:54 of 3rd period - Stopped by Connor Hellebuyck with a rebound.
13:56 of 3rd period - Wrist shot by Jean-Gabriel Pageau.
13:56 of 3rd period - Deflect By John-Jason Peterka.
13:56 of 3rd period - Stopped by Connor Hellebuyck without a rebound.
13:57 of 3rd period - Robert Thomas wins face-off versus Marco Kasper in St.Louis Blues zone.
14:20 of 3rd period - Minor Penalty to Brandon Montour for Cross-checking.
14:21 of 3rd period - Jean-Gabriel Pageau wins face-off versus Jake Guentzel in Nashville Predators zone.
14:21 of 3rd period - Jean-Gabriel Pageau is hit by Jake Guentzel.
14:44 of 3rd period - Snap shot by Brayden Point.
14:44 of 3rd period - Stopped by Anthony Stolarz with a rebound.
14:46 of 3rd period - Slapshot by Alex Tuch.
14:46 of 3rd period - Stopped by Anthony Stolarz with a rebound.
14:48 of 3rd period - Snap shot by Alex Tuch.
14:48 of 3rd period - Goal by Alex Tuch - Nashville Predators : 2 - St.Louis Blues : 5.
14:49 of 3rd period - Mark Stone wins face-off versus Marco Kasper in neutral zone.
15:04 of 3rd period - Snap shot by Marco Kasper.
15:04 of 3rd period - Shot Misses the Net.
15:14 of 3rd period - Alex Pietrangelo is hit by Robert Thomas and loses puck.
15:47 of 3rd period - Alex Tuch is hit by Simon Benoit and loses puck.
16:12 of 3rd period - Brayden Point is hit by Jake Neighbours and loses puck.
16:25 of 3rd period - Wrist shot by Jean-Gabriel Pageau.
16:25 of 3rd period - Stopped by Connor Hellebuyck without a rebound.
16:26 of 3rd period - Jean-Gabriel Pageau wins face-off versus Robert Thomas in St.Louis Blues zone.
16:35 of 3rd period - Wrist shot by Robert Thomas.
16:35 of 3rd period - Shot Misses the Net.
16:41 of 3rd period - Snap shot by Jake Guentzel.
16:41 of 3rd period - Shot Misses the Net.
17:23 of 3rd period - Slapshot by Jack Roslovic.
17:23 of 3rd period - Shot Misses the Net.
17:25 of 3rd period - Wrist shot by James van Riemsdyk.
17:25 of 3rd period - Stopped by Connor Hellebuyck with a rebound.
17:27 of 3rd period - Snap shot by Jack Roslovic.
17:27 of 3rd period - Deflect By James van Riemsdyk.
17:27 of 3rd period - Stopped by Connor Hellebuyck without a rebound.
17:28 of 3rd period - Robert Thomas wins face-off versus Jean-Gabriel Pageau in St.Louis Blues zone.
18:13 of 3rd period - Icing by Jake Neighbours.
18:14 of 3rd period - Jack Roslovic wins face-off versus Vincent Trocheck in Nashville Predators zone.
18:19 of 3rd period - Slapshot by Brandon Montour.
18:19 of 3rd period - Deflect By Yegor Sharangovich.
18:19 of 3rd period - Stopped by Connor Hellebuyck with a rebound.
18:42 of 3rd period - Slapshot by Brandon Montour.
18:42 of 3rd period - Shot Blocked by Jaccob Slavin.
18:44 of 3rd period - Snap shot by Pius Suter.
18:44 of 3rd period - Stopped by Connor Hellebuyck with a rebound.
19:48 of 3rd period - Pius Suter is hit by Alex Tuch and loses puck.
Goals for this period are 2 for Nashville Predators vs 2 for St.Louis Blues.
Shots for this period are 19 for Nashville Predators vs 9 for St.Louis Blues.
Back to the Top